[Event "Titled Tuesday Blitz August 31 2021"]
[White "Yeletsky, Ivan"]
[Black "Papasimakopoulos, Alexandros"]
[WhiteFideId "24180327"]
[BlackFideId "4244125"]
[WhiteElo "2344"]
[BlackElo "2352"]
[Result "0-1"]
[Round "09"]
[TimeControl "180+1"]
[Date "2021.08.31"]
[WhiteClock "0:00:04"]
[BlackClock "0:00:08"]

1. b3 e5 2. Bb2 Nc6 3. e3 Nf6 4. Bb5 Bd6 5. Na3 Na5 6. Be2 a6 7. c4 Qe7 8. Nc2 Nc6 9. Nh3 e4 10. f4 exf3 11. gxf3 Nb4 12. Nd4 g6 13. Nf2 Nc6 14. Qc2 Nxd4 15. Bxd4 Be5 16. Qb2 d6 17. O-O-O Bd7 18. Nd3 Bxd4 19. Qxd4 Bc6 20. Nf4 b6 21. Kb1 O-O-O 22. Nd5 Nxd5 23. cxd5 Bb7 24. f4 f5 25. Bf3 Rhg8 26. h4 Qg7 27. Qc4 Kb8 28. Rc1 Rd7 29. Qa4 Re7 30. Qc4 Ka7 31. b4 Rge8 32. a3 Rg8 33. Qc3 Qf7 34. Qd4 Ree8 35. Rhg1 Re7 36. Rg2 Rd7 37. Rcg1 Qf8 38. Kb2 Rdg7 39. Rg5 h6 40. R5g2 Qe7 41. Rh1 g5 42. hxg5 hxg5 43. fxg5 Rxg5 44. Rgh2 R5g7 45. Rh5 Rf8 46. Rh6 Rgf7 47. Re6 Qg5 48. Rc1 f4 49. e4 Qg3 50. Qc3 Qf2 51. Rc2 Rh7 52. d4 Qf1 53. e5 Rd8 54. exd6 Rxd6 55. Rxd6 cxd6 56. Bg4 Rh1 57. Rc1 Qg2+ 58. Kb3 Rxc1 59. Qxc1 Qxg4 60. Qc7 Qf3+ 0-1


[Site "https://www.chess.com"]

[Event "Titled Tuesday Blitz August 31 2021"]
[White "deribas12345"]
[Black "Siva Mahadevan"]
[BlackFideId "25043153"]
[WhiteElo "2585"]
[BlackElo "2203"]
[Result "0-1"]
[Round "09"]
[TimeControl "180+1"]
[Date "2021.08.31"]
[WhiteClock "0:00:04"]
[BlackClock "0:00:35"]

1. d4 Nf6 2. c4 e6 3. Nc3 Bb4 4. a3 Bxc3+ 5. bxc3 c5 6. f3 d5 7. e3 O-O 8. Bd3 Nc6 9. Ne2 e5 10. cxd5 Qxd5 11. e4 Qd6 12. d5 Ne7 13. O-O Ng6 14. c4 b6 15. Ra2 Nh5 16. g3 Bh3 17. Rf2 Bd7 18. Qd2 h6 19. f4 Nf6 20. f5 Ne7 21. g4 Nh7 22. h4 f6 23. Ng3 Nc8 24. Rg2 Qe7 25. Nf1 Nd6 26. Nh2 Bc8 27. Nf3 Ba6 28. g5 Bxc4 29. gxh6 Rf7 30. Bxc4 Nxc4 31. Qd3 Nd6 32. hxg7 Rxg7 33. Rxg7+ Kxg7 34. h5 Kh8 35. Nh4 Kg7 36. Rg2+ Kf7 37. Ng6 Qd7 38. h6 Rg8 39. Qf3 Ke8 40. Nxe5 Rxg2+ 41. Qxg2 fxe5 42. Qg8+ Nf8 43. Bb2 Nxe4 44. Bxe5 Qxf5 45. Bg7 Qf2+ 46. Kh1 Ng3# 0-1


[Site "https://www.chess.com"]

[Event "Titled Tuesday Blitz August 31 2021"]
[White "ketster"]
[Black "Erdogdu, Mert"]
[BlackFideId "6301495"]
[WhiteElo "2564"]
[BlackElo "2485"]
[Result "0-1"]
[Round "09"]
[TimeControl "180+1"]
[Date "2021.08.31"]
[WhiteClock "0:00:45"]
[BlackClock "0:01:30"]

1. d4 d5 2. c4 e6 3. Nc3 c5 4. cxd5 exd5 5. Nf3 Nc6 6. g3 Nf6 7. Bg2 Be7 8. O-O O-O 9. dxc5 Bxc5 10. a3 Ne4 11. Qc2 Nxc3 12. Qxc3 Bb6 13. Bg5 d4 14. Qd3 Qd5 15. b4 Bf5 16. Qd2 Be4 17. Rfd1 d3 18. Nh4 Bxg2 19. Nxg2 Nd4 20. Be3 dxe2 21. Bxd4 exd1=Q+ 22. Rxd1 Rfd8 23. Bxb6 Qxd2 24. Rxd2 Rxd2 25. Be3 Rd1+ 0-1


[Site "https://www.chess.com"]

[Event "Titled Tuesday Blitz August 31 2021"]
[White "Alavkin, Arseny"]
[Black "FGHSMN"]
[WhiteFideId "4120612"]
[WhiteElo "2391"]
[BlackElo "2664"]
[Result "1-0"]
[Round "10"]
[TimeControl "180+1"]
[Date "2021.08.31"]
[WhiteClock "0:02:05"]
[BlackClock "0:01:18"]

1. d4 Nf6 2. Bf4 e6 3. e3 c5 4. c3 d6 5. Nd2 Nc6 6. h3 Be7 7. Ngf3 O-O 8. Be2 b6 9. O-O Bb7 10. Re1 Qc7 11. a4 Rad8 12. Bh2 Rfe8 13. Bf1 Bf8 14. Nc4 e5 15. dxe5 dxe5 16. Qc2 g6 17. Rad1 Rxd1 18. Rxd1 Bg7 19. Nd6 Re7 20. Bc4 Ba8 21. Nxf7 Rxf7 22. Ng5 Nd8 23. Rxd8+ Qxd8 24. Nxf7 Qe7 25. Nxe5+ Kf8 26. Qd3 Be4 27. Qd2 Bb7 28. Nxg6+ hxg6 29. Bd6 Ne4 30. Bxe7+ Kxe7 31. Qe2 Nd6 32. Qg4 Nxc4 33. Qxc4 Bf6 34. Qg8 Be4 35. Qb8 1-0


[Site "https://www.chess.com"]

[Event "Titled Tuesday Blitz August 31 2021"]
[White "Al-Tarboush, Ward"]
[Black "Martinovsky, Ian"]
[WhiteFideId "7601450"]
[BlackFideId "2603314"]
[WhiteElo "2319"]
[BlackElo "2256"]
[Result "0-1"]
[Round "10"]
[TimeControl "180+1"]
[Date "2021.08.31"]
[WhiteClock "0:01:42"]
[BlackClock "0:01:34"]

1. e4 d5 2. exd5 Qxd5 3. Nc3 Qd6 4. d4 Nf6 5. Nf3 Bg4 6. h3 Bh5 7. Bc4 e6 8. g4 Bg6 9. Ne5 Nbd7 10. Bf4 Nxe5 11. Bxe5 Qb4 12. Bb3 O-O-O 13. Qd2 Nd7 14. Bg3 h5 15. O-O-O Nc5 16. Qf4 Bd6 17. Qf3 hxg4 18. hxg4 Rxh1 19. Rxh1 Bxg3 20. dxc5 Bf4+ 21. Kb1 c6 22. a3 Qxb3 23. Qxf4 Qxc2+ 24. Ka2 f6 25. Qe3 Bf7 26. Rc1 e5+ 27. Ka1 Qd3 28. Ne4 Qd5 29. Nd6+ Rxd6 30. Kb1 Qd3+ 0-1


[Site "https://www.chess.com"]

[Event "Titled Tuesday Blitz August 31 2021"]
[White "Arabidze, Meri"]
[Black "Aldokhin, Ivan"]
[WhiteFideId "13604040"]
[BlackFideId "24115720"]
[WhiteElo "2432"]
[BlackElo "2306"]
[Result "1/2-1/2"]
[Round "10"]
[TimeControl "180+1"]
[Date "2021.08.31"]
[WhiteClock "0:00:10"]
[BlackClock "0:00:06"]

1. d4 Nf6 2. Nf3 g6 3. g3 Bg7 4. Bg2 O-O 5. O-O d6 6. a4 Nc6 7. a5 a6 8. Nc3 e5 9. d5 Ne7 10. e4 Nd7 11. Be3 h6 12. Qd2 Kh7 13. Nh4 f5 14. exf5 Nxf5 15. Nxf5 gxf5 16. f4 Nf6 17. fxe5 dxe5 18. Bc5 Rf7 19. Rad1 Bd7 20. d6 c6 21. b4 Ng4 22. Qd3 Qg5 23. h3 Nf6 24. Qe3 Qg6 25. Na4 Nh5 26. Nb6 Nxg3 27. Nxa8 f4 28. Qb3 Rf5 29. Nb6 Rg5 30. Rf2 Be6 31. Qf3 Nf5 32. Qe4 f3 33. Qxf3 Nh4 34. Qe2 Bxh3 35. Rd2 e4 36. Be3 Nf3+ 37. Kf1 Rxg2 38. Rxg2 Qf5 39. Qf2 Nxd2+ 40. Bxd2 Bxg2+ 41. Kxg2 Qg4+ 42. Qg3 Qe2+ 43. Kh3 Qxd2 44. d7 e3 45. Qf3 e2 46. Qf5+ Kh8 47. Qe6 e1=Q 48. Qxe1 Qxe1 49. d8=Q+ Kh7 50. Qd3+ Kh8 51. Qd8+ Kh7 52. Qd3+ Kh8 53. Qd8+ 1/2-1/2


[Site "https://www.chess.com"]

[Event "Titled Tuesday Blitz August 31 2021"]
[White "Bazarov, Konstantin"]
[Black "Nastore, Pavel-Alexandru"]
[WhiteFideId "4137000"]
[BlackFideId "1255002"]
[WhiteElo "2122"]
[BlackElo "1763"]
[Result "1-0"]
[Round "10"]
[TimeControl "180+1"]
[Date "2021.08.31"]
[WhiteClock "0:00:24"]
[BlackClock "0:00:05"]

1. Nf3 Nf6 2. d3 d5 3. c3 c5 4. Nbd2 Nc6 5. e4 dxe4 6. dxe4 e6 7. Be2 Be7 8. O-O O-O 9. Qc2 Qc7 10. h3 b6 11. Re1 Bb7 12. Bf1 Rac8 13. a4 Rfd8 14. Nc4 Nd7 15. e5 Nf8 16. Bf4 Ng6 17. Bg3 Rd5 18. Nd6 Rd8 19. Nxb7 Qxb7 20. Bc4 R5d7 21. Qe4 Na5 22. Qxb7 Nxb7 23. Bb5 Rd5 24. Bc6 R5d7 25. Bxd7 Rxd7 26. Red1 Rc7 27. b3 Kf8 28. Rd2 Ke8 29. Rad1 Nd8 30. h4 h5 31. Re2 Nc6 32. Ne1 Nxh4 33. f4 Nf5 34. Bf2 Na5 35. Rb2 Rd7 36. Rxd7 Kxd7 37. Nf3 Kc7 38. Kf1 Bd8 39. Ke2 Ne7 40. g3 Nd5 41. Kd3 Be7 42. Be1 h4 43. c4 Nb4+ 44. Bxb4 cxb4 45. Nxh4 Bxh4 46. gxh4 g6 47. Kd4 Nc6+ 48. Ke4 Na5 49. Rb1 Kc6 50. Kd3 Kc5 51. Rb2 Kc6 52. Kc2 Kc5 53. Rb1 Kd4 54. Rd1+ Ke4 55. Rd7 Kxf4 56. Rxf7+ Kxe5 57. Rxa7 Kd6 58. Rg7 Nc6 59. Rxg6 Nd4+ 60. Kb2 Ke5 61. h5 Kf5 62. Rg8 Kf6 63. h6 1-0


[Site "https://www.chess.com"]

[Event "Titled Tuesday Blitz August 31 2021"]
[White "Bortnyk, Olexandr"]
[Black "Ponikarovsky, Alexey"]
[WhiteFideId "14120828"]
[BlackFideId "4122887"]
[WhiteElo "2723"]
[BlackElo "1944"]
[Result "1-0"]
[Round "10"]
[TimeControl "180+1"]
[Date "2021.08.31"]
[WhiteClock "0:02:26"]
[BlackClock "0:02:31"]

1. d4 d5 2. Nc3 e6 3. Bf4 Nf6 4. Nb5 Na6 5. e3 c6 6. Nc3 Nc7 7. Nf3 Bd6 8. Ne5 O-O 9. Qf3 Nce8 10. Bd3 Qc7 11. Qh3 g6 12. Bh6 Ng7 13. f4 a6 14. g4 b5 15. g5 Ne4 16. Bxe4 dxe4 17. Nxe4 Be7 18. Bxg7 Kxg7 19. Qh6+ Kh8 20. Nf6 1-0


[Site "https://www.chess.com"]

[Event "Titled Tuesday Blitz August 31 2021"]
[White "Cunha, Lucas Aguiar"]
[Black "Degenbaev, Aziz"]
[WhiteFideId "2125404"]
[BlackFideId "13802640"]
[WhiteElo "2361"]
[BlackElo "1906"]
[Result "1/2-1/2"]
[Round "10"]
[TimeControl "180+1"]
[Date "2021.08.31"]
[WhiteClock "0:00:03"]
[BlackClock "0:00:08"]

1. e4 e6 2. d4 d5 3. Nd2 Nc6 4. Ngf3 Nf6 5. e5 Nd7 6. c3 f6 7. exf6 Qxf6 8. Bd3 e5 9. O-O Bd6 10. Re1 O-O 11. Qb3 Qf7 12. Bxh7+ Kh8 13. Qc2 exd4 14. Bg6 Qf6 15. Nf1 Nde5 16. Bh5 d3 17. Qd1 g6 18. Nxe5 Qxf2+ 19. Kh1 Nxe5 20. Be3 Qf6 21. Bd4 gxh5 22. Qxh5+ Kg8 23. Bxe5 Bxe5 24. Qxe5 Qxe5 25. Rxe5 c6 26. Ng3 Bg4 27. h3 Bd7 28. Re7 Rf7 29. Rxf7 Kxf7 30. Rd1 Re8 31. Rxd3 Re1+ 32. Kh2 Ra1 33. a3 Be6 34. Rd2 Ke7 35. Ne2 Bf5 36. g4 Be4 37. Ng3 Kf6 38. Nxe4+ dxe4 39. h4 Ke5 40. h5 Kf4 41. h6 e3 42. Rg2 Rd1 43. h7 Rd8 44. g5 e2 45. Rxe2 Kxg5 46. Re7 b5 47. Rxa7 Kg6 48. b4 Kg5 49. Kg3 Rd3+ 50. Kf2 Rh3 51. Ke2 Kf4 52. Kd2 Ke4 53. Rg7 Kd5 54. Rg5+ Kc4 55. Rc5+ Kb3 56. Rxc6 Rxh7 57. Rc5 Rb7 58. Kd3 Kxa3 59. Kd4 Ka4 60. Kd5 Rh7 61. Rc8 Rh5+ 62. Kd4 Rh4+ 63. Kc5 Rh5+ 64. Kb6 Rh6+ 65. Rc6 Rh3 66. Kb7 Rh7+ 67. Ka6 Rh3 68. Rc5 Rh6+ 69. Kb7 Rh3 70. Kb6 Rh6+ 71. Rc6 Rh3 72. Rc8 Rh6+ 73. Rc6 1/2-1/2


[Site "https://www.chess.com"]

[Event "Titled Tuesday Blitz August 31 2021"]
[White "Dang, Hoang Son"]
[Black "Gelman, Alexander"]
[WhiteFideId "12402435"]
[BlackFideId "4118316"]
[WhiteElo "2248"]
[BlackElo "2375"]
[Result "1-0"]
[Round "10"]
[TimeControl "180+1"]
[Date "2021.08.31"]
[WhiteClock "0:00:07"]
[BlackClock "0:00:05"]

1. d4 Nf6 2. c4 c5 3. d5 b5 4. cxb5 a6 5. bxa6 e6 6. Nc3 exd5 7. Nxd5 Nxa6 8. e4 Nxd5 9. exd5 Nb4 10. Bc4 Qe7+ 11. Kf1 Ba6 12. Bxa6 Rxa6 13. a3 Qe4 14. Bg5 f6 15. axb4 Rxa1 16. Qxa1 fxg5 17. Qe1 Qxe1+ 18. Kxe1 cxb4 19. Nf3 Be7 20. Kd2 Bf6 21. b3 Ke7 22. Rc1 Ra8 23. Kd3 Kd6 24. Rc4 Ra2 25. Nd2 Kxd5 26. Rxb4 h5 27. Rb5+ Kc6 28. Rf5 d5 29. f4 gxf4 30. Rxh5 Rb2 31. Rf5 Kd6 32. h3 Ke6 33. Rh5 g5 34. Rh6 Kf5 35. Rh7 Be5 36. Rf7+ Ke6 37. Rb7 Bd6 38. Rb6 Kd7 39. Rb7+ Ke6 40. Nf3 Rxg2 41. Nd4+ Kf6 42. Rb6 Ke7 43. Nf5+ Kf7 44. Rxd6 Rh2 45. Rh6 g4 46. hxg4 Rxh6 47. Nxh6+ Kg6 48. Nf5 Kg5 49. Ne7 Kxg4 50. Nxd5 f3 51. Ne3+ Kf4 52. Kd4 f2 53. b4 Kg5 54. b5 Kf6 55. b6 1-0


[Site "https://www.chess.com"]

[Event "Titled Tuesday Blitz August 31 2021"]
[White "Danielian, Vardan"]
[Black "Srihari L R"]
[WhiteFideId "13301594"]
[BlackFideId "46617116"]
[WhiteElo "2523"]
[BlackElo "2121"]
[Result "1-0"]
[Round "10"]
[TimeControl "180+1"]
[Date "2021.08.31"]
[WhiteClock "0:01:04"]
[BlackClock "0:00:33"]

1. Nf3 d6 2. g3 e5 3. Bg2 f5 4. d3 Nf6 5. O-O Be7 6. c4 O-O 7. Nc3 Kh8 8. b4 Qe8 9. b5 Bd7 10. a4 Be6 11. Ng5 Bc8 12. a5 h6 13. a6 c6 14. axb7 Bxb7 15. Ne6 Qd7 16. Nxf8 Bxf8 17. bxc6 Bxc6 18. Nd5 Bxd5 19. cxd5 a5 20. Qa4 Qxa4 21. Rxa4 Nbd7 22. Bd2 Nb6 23. Rxa5 Rxa5 24. Bxa5 Nbxd5 25. Rc1 Kg8 26. Bd8 Kf7 27. h3 Ke6 28. e3 Be7 29. Bxd5+ Nxd5 30. Bxe7 Kxe7 31. Kf1 g5 32. Ra1 Nf6 33. Ra7+ Ke6 34. Ke2 h5 35. Rg7 g4 36. h4 f4 37. Rg5 f3+ 38. Kd2 Kf7 39. Kc3 Ke6 40. e4 d5 41. Rf5 dxe4 42. Rxf6+ Kxf6 43. dxe4 Ke6 44. Kc4 Kd6 45. Kb5 Kd7 46. Kc5 Ke6 47. Kc6 Ke7 48. Kd5 Kf6 49. Kd6 Kf7 50. Kxe5 Ke7 51. Kf5 Kf7 52. Kg5 Ke6 53. Kxh5 Ke5 54. Kxg4 Kxe4 55. h5 Kd3 56. Kxf3 Kd4 57. h6 Kd5 58. h7 Kc4 59. h8=Q Kb3 60. Qc8 Ka3 61. g4 Ka4 62. Ke4 Kb5 63. Kd5 Kb6 64. Qb8+ Ka6 65. Kc5 Ka5 66. Qb5# 1-0


[Site "https://www.chess.com"]

[Event "Titled Tuesday Blitz August 31 2021"]
[White "De Silva, L M S T"]
[Black "Timofeev, Artyom"]
[WhiteFideId "9953698"]
[BlackFideId "4140419"]
[WhiteElo "1621"]
[BlackElo "2582"]
[Result "0-1"]
[Round "10"]
[TimeControl "180+1"]
[Date "2021.08.31"]
[WhiteClock "0:00:10"]
[BlackClock "0:00:31"]

1. e4 e6 2. d4 d5 3. Nc3 dxe4 4. Nxe4 Nd7 5. Nf3 Ngf6 6. Bd3 c5 7. O-O Nxe4 8. Bxe4 Nf6 9. Bd3 cxd4 10. Nxd4 Bc5 11. Nb3 Bd6 12. h3 O-O 13. Bg5 h6 14. Bh4 b6 15. Be4 Bh2+ 16. Kxh2 Qxd1 17. Raxd1 Nxe4 18. f3 Nf6 19. Bxf6 gxf6 20. f4 f5 21. Rd2 Bb7 22. Rfd1 Bd5 23. Nd4 Be4 24. b3 a6 25. c4 Rac8 26. a4 Kg7 27. Ne2 Bc6 28. Rd6 Rc7 29. Nd4 Rfc8 30. Rd2 h5 31. b4 Bxa4 32. Rxb6 Rxc4 33. Rxa6 Rxb4 34. Ra7 Kf6 35. Kg3 Rg8+ 36. Kh4 Rd8 37. Nf3 Rxd2 38. Nxd2 Rxf4+ 39. Kg3 Rb4 40. Nf3 Bc6 41. Ra3 Bxf3 42. Rxf3 h4+ 43. Kf2 e5 44. Ra3 Kg5 45. Kf3 e4+ 46. Ke3 Rb2 47. Ra8 Rb3+ 48. Ke2 Kf4 49. Rh8 Kg3 50. Rg8+ Kh2 51. Rg5 f4 52. Rg4 Rb2+ 53. Kf1 Rb1+ 54. Ke2 f5 55. Rxf4 Kxg2 56. Rxh4 Kg3 57. Rh8 Rb2+ 58. Ke1 f4 59. h4 Kf3 60. h5 e3 61. Rb8 Rh2 62. Kd1 Rxh5 63. Kc2 Rh1 64. Kb2 e2 65. Rb3+ Kf2 66. Rc3 e1=Q 67. Rc2+ Qe2 68. Kb3 Qxc2+ 69. Ka3 0-1


[Site "https://www.chess.com"]

[Event "Titled Tuesday Blitz August 31 2021"]
[White "Do Valle Cardoso, Lucas"]
[Black "Tokman, Ariel"]
[WhiteFideId "2163144"]
[BlackFideId "117420"]
[WhiteElo "2387"]
[BlackElo "2345"]
[Result "0-1"]
[Round "10"]
[TimeControl "180+1"]
[Date "2021.08.31"]
[WhiteClock "0:00:03"]
[BlackClock "0:00:26"]

1. e4 d6 2. d4 Nf6 3. Nc3 Nbd7 4. Nf3 e5 5. Bc4 Be7 6. a4 O-O 7. h3 a6 8. a5 exd4 9. Nxd4 Ne5 10. Bb3 c5 11. Nde2 Nc6 12. O-O Nxa5 13. Bd5 Nc6 14. Bf4 Nb4 15. Bh2 Nbxd5 16. Nxd5 Nxd5 17. Qxd5 Qb6 18. b3 Be6 19. Qd3 Qb5 20. c4 Qb4 21. Rfd1 b5 22. Rac1 bxc4 23. bxc4 Rab8 24. Nf4 Rbd8 25. Bg3 Bf6 26. Nxe6 fxe6 27. Bxd6 Bd4 28. Bxf8 Bxf2+ 29. Kxf2 Rxd3 30. Rxd3 Qb2+ 31. Kf3 Qxc1 32. Bd6 Qxc4 33. Ke3 a5 34. e5 a4 35. Kd2 Qb4+ 36. Kc2 a3 37. Rb3 Qc4+ 38. Rc3 Qa2+ 39. Kd3 Qb1+ 40. Kc4 Qb4+ 41. Kd3 a2 42. Rxc5 Qxc5 43. Bxc5 a1=Q 0-1


[Site "https://www.chess.com"]

[Event "Titled Tuesday Blitz August 31 2021"]
[White "Dobrowolski, Piotr"]
[Black "Filippova, Margarita"]
[WhiteFideId "1106236"]
[BlackFideId "34199680"]
[WhiteElo "2296"]
[BlackElo "1829"]
[Result "1-0"]
[Round "10"]
[TimeControl "180+1"]
[Date "2021.08.31"]
[WhiteClock "0:02:09"]
[BlackClock "0:01:55"]

1. e4 e5 2. Nf3 Nc6 3. Bb5 g6 4. d4 exd4 5. c3 d3 6. Bg5 Be7 7. h4 h6 8. Bf4 Nf6 9. Qxd3 a6 10. Ba4 d5 11. e5 Ne4 12. Nd4 Bd7 13. e6 fxe6 14. Bxc6 bxc6 15. f3 c5 16. fxe4 cxd4 17. exd5 Kf7 18. O-O Kg7 19. Be5+ Kh7 20. Rf7+ Kg8 21. Qxg6# 1-0


[Site "https://www.chess.com"]

[Event "Titled Tuesday Blitz August 31 2021"]
[White "Wagner, Dinara"]
[Black "Vlassov, Nikolai"]
[WhiteFideId "24157570"]
[BlackFideId "4103360"]
[WhiteElo "2260"]
[BlackElo "2407"]
[Result "0-1"]
[Round "10"]
[TimeControl "180+1"]
[Date "2021.08.31"]
[WhiteClock "0:00:04"]
[BlackClock "0:00:13"]

1. d4 Nf6 2. c4 Nc6 3. Nf3 e6 4. g3 Bb4+ 5. Bd2 a5 6. Bg2 d6 7. O-O e5 8. d5 Nb8 9. Be3 Na6 10. Nbd2 Bd7 11. a3 Bc5 12. Bxc5 Nxc5 13. b4 Na6 14. Qb3 O-O 15. Rac1 axb4 16. axb4 c6 17. dxc6 bxc6 18. Qc3 Rb8 19. Rb1 Re8 20. Rfd1 Qe7 21. Ng5 d5 22. c5 e4 23. e3 Bg4 24. Rdc1 Qd7 25. f3 exf3 26. Ngxf3 Nc7 27. Nd4 h5 28. Rf1 Re7 29. Rbe1 Na6 30. Rb1 Qe8 31. Rfe1 Reb7 32. b5 cxb5 33. c6 b4 34. Qa1 Rb6 35. Qa5 Nc7 36. h3 Bc8 37. Kh2 h4 38. gxh4 Qe5+ 39. Kg1 Qg3 40. Nf1 Qxh4 41. Qc5 Bxh3 42. Qe7 Bxg2 43. Kxg2 Qg5+ 44. Kh1 Qh4+ 45. Nh2 Qe4+ 46. Qxe4 Nxe4 47. Nhf3 f6 48. Kg2 Kf7 49. Rg1 g5 50. Ne1 Ne6 51. Nef3 g4 52. Nxe6 gxf3+ 53. Kxf3 Kxe6 54. Rg7 Nd2+ 55. Ke2 Nxb1 56. c7 Rc8 57. Rh7 Rc6 58. Kd3 b3 59. e4 dxe4+ 60. Kxe4 b2 61. Kd3 Nc3 62. Kd2 b1=Q 63. Re7+ Kxe7 64. Ke3 Re6+ 65. Kd4 Qb4+ 0-1


[Site "https://www.chess.com"]

[Event "Titled Tuesday Blitz August 31 2021"]
[White "Droin, Augustin"]
[Black "Dolzhykova, Kateryna"]
[WhiteFideId "45105987"]
[BlackFideId "14113414"]
[WhiteElo "2458"]
[BlackElo "2180"]
[Result "0-1"]
[Round "10"]
[TimeControl "180+1"]
[Date "2021.08.31"]
[WhiteClock "0:00:08"]
[BlackClock "0:00:18"]

1. e4 c5 2. Nf3 Nc6 3. Bb5 g6 4. O-O Bg7 5. Nc3 e5 6. a3 Nge7 7. b4 cxb4 8. axb4 O-O 9. d3 d6 10. Rb1 h6 11. h3 Be6 12. Be3 Rc8 13. Ba4 Nd4 14. Nb5 Nxf3+ 15. Qxf3 a6 16. Na7 Ra8 17. b5 axb5 18. Bxb5 d5 19. exd5 Bxd5 20. Qd1 b6 21. c4 Bb7 22. Ra1 Qb8 23. Bxb6 Bxg2 24. Be3 Bxf1 25. Qxf1 e4 26. Ra2 exd3 27. Qxd3 Rd8 28. Qe4 Nf5 29. Nc6 Qb7 30. Rxa8 Qxa8 31. Bb6 Re8 32. Qd5 Qa1+ 33. Kg2 Re1 0-1


[Site "https://www.chess.com"]

[Event "Titled Tuesday Blitz August 31 2021"]
[White "Dzagnidze, Nana"]
[Black "Rodriguez Hernandez, Luis Daniel"]
[WhiteFideId "13601903"]
[BlackFideId "3506770"]
[WhiteElo "2391"]
[BlackElo "2133"]
[Result "1-0"]
[Round "10"]
[TimeControl "180+1"]
[Date "2021.08.31"]
[WhiteClock "0:00:08"]
[BlackClock "0:00:16"]

1. d4 Nf6 2. c4 g6 3. Nf3 Bg7 4. Nc3 O-O 5. g3 d6 6. Bg2 Nc6 7. O-O Bg4 8. h3 Bxf3 9. Bxf3 Nd7 10. e3 e5 11. dxe5 Ndxe5 12. Be2 Qd7 13. Kg2 Na5 14. Qd5 b6 15. Rd1 Rad8 16. Qb5 Qe6 17. Qa6 Nexc4 18. Nd5 Qe4+ 19. Bf3 Qc2 20. e4 Ne5 21. Qe2 Qa4 22. b3 Nxb3 23. axb3 Qxa1 24. Bb2 Qa5 25. Nxc7 Qb4 26. Qe3 Nxf3 27. Bxg7 Kxg7 28. Qxf3 Rc8 29. Nd5 Qc5 30. Qf6+ Kh6 31. Qh4+ Kg7 32. Qf6+ Kh6 33. g4 Qc2 34. g5+ Kh5 35. Qf3+ Kxg5 36. Qf4+ Kh5 37. Nf6# 1-0


[Site "https://www.chess.com"]

[Event "Titled Tuesday Blitz August 31 2021"]
[White "Erdogdu, Mert"]
[Black "Khusnutdinov, Rustam"]
[WhiteFideId "6301495"]
[BlackFideId "13701703"]
[WhiteElo "2485"]
[BlackElo "2571"]
[Result "0-1"]
[Round "10"]
[TimeControl "180+1"]
[Date "2021.08.31"]
[WhiteClock "0:00:26"]
[BlackClock "0:01:28"]

1. e4 e6 2. d4 d5 3. exd5 exd5 4. c4 Nf6 5. Nc3 Bb4 6. Bd3 dxc4 7. Bxc4 O-O 8. Ne2 Nc6 9. Bg5 h6 10. Bh4 g5 11. Bg3 Ne4 12. O-O Nd6 13. Bb3 Nf5 14. d5 Nxg3 15. Nxg3 Ne5 16. Nce4 f5 17. Qd4 Bd6 18. Nxd6 cxd6 19. f4 Ng6 20. Nh5 Qb6 21. Qxb6 axb6 22. Rac1 Rf7 23. Rfe1 Bd7 24. Rc7 Re8 25. Rec1 Bb5 26. g3 Be2 27. Rxf7 Kxf7 28. Bd1 Bxd1 29. Rxd1 Re2 30. Rc1 Ne7 31. Rd1 Kg6 32. fxg5 Kxh5 33. gxh6 Kxh6 0-1


[Site "https://www.chess.com"]

[Event "Titled Tuesday Blitz August 31 2021"]
[White "Espinosa, Pedro"]
[Black "Muradov, Soltan"]
[WhiteFideId "30921066"]
[BlackFideId "14002108"]
[WhiteElo "1673"]
[BlackElo "1854"]
[Result "1-0"]
[Round "10"]
[TimeControl "180+1"]
[Date "2021.08.31"]
[WhiteClock "0:02:30"]
[BlackClock "0:02:23"]

1. e4 e5 2. Nf3 Nf6 3. d4 d5 4. dxe5 Nxe4 5. Bd3 Nc5 6. O-O Be7 7. c4 Nxd3 8. Qxd3 dxc4 9. Qxc4 O-O 10. Nc3 c6 11. Be3 Be6 12. Qe4 Nd7 13. Rad1 Qc7 14. Bg5 Bxg5 15. Nxg5 Qxe5 16. Qxh7# 1-0


[Site "https://www.chess.com"]

[Event "Titled Tuesday Blitz August 31 2021"]
[White "Eswaran, Ashritha"]
[Black "deribas12345"]
[WhiteFideId "2080788"]
[WhiteElo "2456"]
[BlackElo "2581"]
[Result "0-1"]
[Round "10"]
[TimeControl "180+1"]
[Date "2021.08.31"]
[WhiteClock "0:00:29"]
[BlackClock "0:00:43"]

1. e4 c5 2. Nf3 d6 3. d4 cxd4 4. Nxd4 Nf6 5. Nc3 a6 6. Be3 e5 7. Nf3 Be7 8. Bc4 O-O 9. O-O Bg4 10. h3 Bxf3 11. Qxf3 Nc6 12. Rfd1 b5 13. Bd5 Rc8 14. Ne2 Nxd5 15. exd5 Nb4 16. c3 Nc2 17. Rac1 Nxe3 18. fxe3 Bg5 19. Rf1 f5 20. Kh1 Rc4 21. Ng3 g6 22. Rc2 Qf6 23. Rcf2 Bh4 24. Re2 e4 25. Qf4 Bg5 26. Qf2 Qe5 27. Qe1 Bh4 28. Rf4 Bg5 29. Rf1 Qxd5 30. Rd2 Qc5 31. Rd4 Rxd4 32. cxd4 Qc4 33. a3 Qd3 34. Ne2 Qxe3 35. Qd1 f4 36. Nc3 Qd3 37. Qb3+ Kg7 38. Re1 f3 39. Rxe4 fxg2+ 40. Kxg2 Qf1+ 41. Kg3 Qf2+ 42. Kg4 Qh4# 0-1


[Site "https://www.chess.com"]

[Event "Titled Tuesday Blitz August 31 2021"]
[White "Ezat, Mohamed"]
[Black "Costachi, Mihnea"]
[WhiteFideId "10600906"]
[BlackFideId "1217518"]
[WhiteElo "2414"]
[BlackElo "2482"]
[Result "1-0"]
[Round "10"]
[TimeControl "180+1"]
[Date "2021.08.31"]
[WhiteClock "0:00:15"]
[BlackClock "0:00:21"]

1. d4 f6 2. c4 Kf7 3. Nc3 g6 4. e4 Bg7 5. h4 Nh6 6. h5 g5 7. f4 e6 8. fxg5 fxg5 9. Nf3 Bf6 10. e5 Be7 11. Ne4 Kg7 12. Nfxg5 Rf8 13. Bd3 d5 14. exd6 cxd6 15. Nf3 Nf5 16. h6+ Kh8 17. Bd2 d5 18. cxd5 exd5 19. Nc5 Nc6 20. O-O Nfxd4 21. Nxd4 Bxc5 22. Bc3 Nxd4 23. Rxf8+ Qxf8 24. Qh5 Be6 25. Rf1 Qd6 26. Qg5 Qf8 27. Rxf8+ Rxf8 28. Qg7# 1-0


[Site "https://www.chess.com"]

[Event "Titled Tuesday Blitz August 31 2021"]
[White "Firat, Burak"]
[Black "Ljukin, Sergei"]
[WhiteFideId "6305881"]
[BlackFideId "14102200"]
[WhiteElo "2531"]
[BlackElo "2309"]
[Result "1/2-1/2"]
[Round "10"]
[TimeControl "180+1"]
[Date "2021.08.31"]
[WhiteClock "0:00:03"]
[BlackClock "0:00:02"]

1. e4 e5 2. Nc3 Nf6 3. Nf3 Nc6 4. g3 d5 5. exd5 Nxd5 6. Bg2 Nxc3 7. bxc3 Bd6 8. O-O O-O 9. Re1 Rb8 10. d3 f5 11. Ng5 Qf6 12. Qh5 h6 13. h4 Ne7 14. Nf3 f4 15. gxf4 exf4 16. Bd2 Nf5 17. Nd4 Nxh4 18. Bd5+ Kh8 19. Ne6 Bxe6 20. Rxe6 Qg5+ 21. Qxg5 hxg5 22. Rae1 Rbd8 23. Bxb7 g4 24. d4 f3 25. Bg5 Nf5 26. Bxd8 Rxd8 27. Re8+ Rxe8 28. Rxe8+ Kh7 29. Be4 g6 30. Bb7 Kh6 31. Re4 Kg5 32. c4 Bf4 33. c5 g3 34. c3 g2 35. Re8 Nh4 36. Rh8 Kg4 37. Rxh4+ Kxh4 38. Bxf3 Kg5 39. Kxg2 Kf5 40. Bd1 Ke4 41. Bc2+ Kd5 42. Bb3+ Kc6 43. d5+ Kxc5 44. Kf3 g5 45. c4 Bd6 46. Ke4 Bf4 47. f3 Kd6 48. Kd4 Be5+ 49. Ke4 Bf4 50. Bd1 a5 51. Be2 Kc5 52. Kf5 Kd6 53. Ke4 Kc5 54. Bf1 Kb4 55. Kd4 Bd6 56. Bd3 a4 57. Bc2 Ka3 58. c5 Bf4 59. Kc4 Kxa2 60. Bxa4 Ka3 61. Bd1 Bg3 62. Kb5 Kb2 63. Kc6 Kc3 64. d6 cxd6 65. cxd6 Bxd6 66. Kxd6 Kd2 67. Bb3 Ke3 68. Bd1 Kd2 69. Bb3 Ke3 70. Bd1 Kd2 1/2-1/2


[Site "https://www.chess.com"]

[Event "Titled Tuesday Blitz August 31 2021"]
[White "Franca, Willian Bento"]
[Black "Piliczewski, Bogusz"]
[WhiteFideId "2158850"]
[BlackFideId "1104144"]
[WhiteElo "2122"]
[BlackElo "1896"]
[Result "1-0"]
[Round "10"]
[TimeControl "180+1"]
[Date "2021.08.31"]
[WhiteClock "0:00:20"]
[BlackClock "0:00:06"]

1. c4 c6 2. g3 d5 3. Bg2 dxc4 4. Nf3 Nf6 5. O-O Bf5 6. Na3 e6 7. Nxc4 Be7 8. d4 O-O 9. Qb3 Qc8 10. Bd2 Be4 11. Rac1 Bd5 12. Qc2 Bxc4 13. Qxc4 Nbd7 14. Qd3 Nd5 15. e4 Nb4 16. Qb3 a5 17. a3 a4 18. Qc4 b5 19. Qe2 Na6 20. Rc2 Qb7 21. Rfc1 Rac8 22. Bg5 Bd6 23. e5 Bb8 24. Nd2 Qa7 25. Bxc6 Qxd4 26. Nf3 Qa7 27. Qxb5 Nc7 28. Qxa4 Qxa4 29. Bxa4 Nb6 30. Bb3 Ncd5 31. Rxc8 Nxc8 32. Bxd5 exd5 33. Rd1 Nb6 34. Be3 Nc4 35. Rxd5 Re8 36. Rb5 Nxe5 37. Nxe5 Bxe5 38. a4 1-0


[Site "https://www.chess.com"]